 Dungeon Crawl Stone Soup version 0.18-a0-1485-g189885c (webtiles) character file.

121 Tomstefer the Slasher (level 4, -2/39 HPs)
             Began as a Minotaur Berserker on Mar 3, 2016.
             Was a Believer of Trog.
             Killed by divine providence
             ... invoked by an orc priest
              (14 damage)
             ... on level 3 of the Dungeon.
             The game lasted 00:03:34 (2383 turns).

Tomstefer the Slasher (Minotaur Berserker)          Turns: 2383, Time: 00:03:34

Health: -2/39      AC:  6    Str: 22    XL:     4   Next: 77%
Magic:  3/3        EV: 12    Int:  4    God:    Trog [**....]
Gold:   141        SH:  0    Dex: 16    Spells: 0 memorised, 3 levels left

rFire  . . .     SeeInvis +     v - +0 long sword
rCold  . . .     Gourm    .     n - +0 ring mail
rNeg   . . .     Faith    .     (no shield)
rPois  +         Spirit   .     (helmet restricted)
rElec  .         Dismiss  .     s - +0 cloak {rPois}
rCorr  .         Reflect  .     (no gloves)
SustAt .         Harm     .     (no boots)
MR     .....                    (no amulet)
Stlth  +.........               u - ring of see invisible
                                f - +6 ring of dexterity

@: not resistant to hostile enchantments, very unstealthy
A: retaliatory headbutt, horns 2
a: Berserk, Trog's Hand, Burn Spellbooks, Renounce Religion


You were on level 3 of the Dungeon.
You worshipped Trog.
Trog was pleased with you.
You were not hungry.

You visited 1 branch of the dungeon, and saw 3 of its levels.

You collected 141 gold pieces.

Inventory:

Hand Weapons
 a - a +0 falchion
 v - a +0 long sword (weapon)
Armour
 n - a +0 ring mail (worn)
 s - a +0 cloak of poison resistance (worn)
Jewellery
 f - a +6 ring of dexterity (left hand)
 q - an uncursed ring of fire
 t - a +5 ring of intelligence
 u - a ring of see invisible (right hand)
Wands
 p - a wand of lightning (6/15)
Scrolls
 d - a scroll of remove curse {unknown}
 e - a scroll of immolation {unknown}
 h - 4 scrolls of identify {unknown}
 j - 2 scrolls of recharging {unknown}
 m - a scroll of teleportation {unknown}
Potions
 g - a potion of cure mutation {unknown}
 k - a potion of haste {unknown}
 l - a potion of mutation {unknown}
 o - a potion of curing {unknown}
Comestibles
 b - a meat ration
 c - 2 bread rations
 i - a beef jerky
 r - 4 fruits


   Skills:
 - Level 3.6 Fighting
 + Level 6.7 Long Blades
 - Level 2.4 Armour
 - Level 2.1 Dodging


You had 3 spell levels left.
You didn't know any spells.

Dungeon Overview and Level Annotations

Branches:
Dungeon (3/15)

Altars:
Cheibriados
Yredelemnul


Innate Abilities, Weirdness & Mutations

You reflexively headbutt those who attack you in melee.
You have a pair of horns on your head.


Message History

The orc priest miscasts a cantrip.
The orc barely misses you. You furiously retaliate!
You headbutt the orc, but do no damage. You barely miss the orc.
You headbutt the orc.
You kill the orc!
Trog accepts your kill.
The orc priest calls down the wrath of Beogh upon you.
Beogh smites you!
You slash the orc!
You kill the orc!
Trog accepts your kill.
The orc priest mumbles some strange prayers to Beogh against you.
Beogh smites you!
Items here: )) [[ † a flail; a ring mail; a club; a scale mail; an orc corpse You barely miss the orc priest.
You headbutt the orc priest!
The orc priest is heavily wounded.
The orc priest invokes the aid of Beogh against you.
Beogh smites you!
You die...

#.# #.# .# #.# #.#
#.# #.# #.######.#
#.# #......... #.#
#..#####.. #.#
#..# #.# #.#
#..#####.# #o#
#........# #@#
##.#####.#
#.########.#####.#
#.........#......#
##########.#######
#.#######
#.>......
#########


You could see an orc priest.

Vanquished Creatures
  Crazy Yiuf (D:2)
  A gnoll (D:1)
  2 adders
  An ooze (D:2)
  A dart slug (D:2)
  A giant gecko (D:3)
  4 orcs (D:3)
  4 bats
  5 giant cockroaches
  5 goblins
  8 hobgoblins
  3 jackals (D:3)
  6 kobolds
  A quokka (D:3)
  A giant newt (D:2)
  4 rats
  2 fungi (D:2)
50 creatures vanquished.

Notes
Turn   | Place    | Note
--------------------------------------------------------------
     0 | D:1      | Tomstefer the Minotaur Berserker began the quest for the Orb.
     0 | D:1      | Reached XP level 1. HP: 19/19 MP: 0/0
    62 | D:1      | Reached skill level 4 in Long Blades
   133 | D:1      | Reached XP level 2. HP: 21/26 MP: 1/1
   368 | D:1      | Reached skill level 5 in Long Blades
   622 | D:1      | Reached XP level 3. HP: 27/31 MP: 2/2
   995 | D:2      | Reached ** piety under Trog
  1014 | D:2      | Found a basalt altar of Yredelemnul.
  1252 | D:2      | Found a snail-covered altar of Cheibriados.
  1621 | D:2      | Noticed Crazy Yiuf
  1627 | D:2      | Killed Crazy Yiuf
  1627 | D:2      | Reached skill level 6 in Long Blades
  1627 | D:2      | Reached XP level 4. HP: 39/39 MP: 3/3
  2383 | D:3      | Killed from afar by an orc priest

Vault maps used:
D:1:      dpeg_arrival_renting
D:2:      yredelemnul_altar_generic, cheibriados_altar_1,
          uniq_crazy_yiuf_cottage
D:3:      first_bread

Skill      XL: |  1  2  3 |
---------------+----------+-----
Long Blades    | 4 5 6 |  6.7
Fighting       | |  3.6
Armour         | |  2.4
Dodging        | |  2.1

Action                   |  1- 3 |  4- 6 || total
-------------------------+-------+-------++-------
Melee: Falchion          |    65 |    22 ||    87
       Long sword        |       |    10 ||    10
Invok: Berserk           |     1 |       ||     1
  Eat: Chunk             |     2 |     4 ||     6
